 Dungeon Crawl Stone Soup version 0.28-a0-938-gbc3f381ebc (webtiles) character file.

Game seed: 12194894360047555885

32 shoop the Sneak (level 3, -1/29 HPs)
             Began as a Demonspawn Delver on Nov 28, 2021.
             Was an Initiate of Sif Muna.
             Slain by an orc (3 damage)
             ... on level 3 of the Dungeon.
             The game lasted 00:04:34 (2097 turns).

shoop the Sneak (Demonspawn Delver)                 Turns: 2097, Time: 00:04:34

Health: -1/29      AC:  4    Str: 12    XL:     3   Next: 8%
Magic:  3/3        EV: 11    Int: 12    God:    Sif Muna [......]
Gold:   163        SH:  3    Dex: 14    Spells: 2/2 levels left

rFire   . . .      SeeInvis .   a - +0 falchion
rCold   . . .      Faith    +   o - +0 buckler
rNeg    . . .      Spirit   .   b - +0 leather armour
rPois   .          Reflect  .   (helmet restricted)
rElec   .          Harm     .   (no cloak)
rCorr   .          Rampage  .   (no gloves)
Will    .....                   m - +0 pair of boots
Stlth   ++........              l - amulet of faith
HPRegen 0.09/turn               (no ring)
MPRegen 0.08/turn               (no ring)

@: no status effects
A: horns 1, powered by pain 1
a: Renounce Religion


You were on level 3 of the Dungeon.
You worshipped Sif Muna.
Sif Muna was noncommittal.
You visited 1 branch of the dungeon, and saw 5 of its levels.

You collected 163 gold pieces.

Inventory:

Hand Weapons
 a - a +0 falchion (weapon)
Missiles
 h - 3 boomerangs (quivered)
Armour
 b - a +0 leather armour (worn)
 m - a +0 pair of boots (worn)
 o - a +0 buckler (worn)
Jewellery
 l - an amulet of faith (around neck)
Wands
 g - a wand of digging (3)
Scrolls
 c - a scroll of fog
 d - a scroll of magic mapping
 e - a scroll of fear
 i - 2 scrolls of teleportation {unknown}
 n - 3 scrolls of noise {unknown}
Potions
 f - 2 potions of haste
 j - a potion of flight {unknown}
 k - 3 potions of berserk rage {unknown}


   Skills:
 - Level 3.0 Fighting
 - Level 3.0 Long Blades
 + Level 0.6 Armour
 - Level 2.0 Dodging
 - Level 4.5 Stealth
 + Level 0.1 Shields


You had 2 spell levels left.
You didn't know any spells.
Your spell library contained the following spells:

 Spells                   Type           Power      Damage    Failure   Level
 Animate Skeleton         Necr           0%         N/A       56%         1
 Apportation              Tloc           0%         N/A       56%         1
 Summon Small Mammal      Summ           0%         N/A       56%         1
 Ensorcelled Hibernation  Hex/Ice        0%         N/A       71%         2
 Ignite Poison            Fire/Tmut/Pois 0%         N/A       91%         3
 Inner Flame              Hex/Fire       0%         N/A       91%         3
 Spider Form              Tmut/Pois      0%         N/A       91%         3
 Cause Fear               Hex            0%         N/A       100%        4
 Olgreb's Toxic Radiance  Pois           0%         N/A       100%        4
 Borgnjor's Vile Clutch   Necr/Erth      0%         N/A       100%        5
 Discord                  Hex            0%         N/A       100%        8


Dungeon Overview and Level Annotations

Branches:
Dungeon (5/15)
 Temple: D:4-7

Altars:
Sif Muna

Shops:
D:2 :


Innate Abilities, Weirdness & Mutations

You have a pair of small horns on your head.
You sometimes gain a little power by taking damage.


Message History

You block the orc's attack. The orc hits you but does no damage.
You hit the orc.
You kill the orc!
Sif Muna accepts your kill. The orc hits you but does no damage.
The kobold throws a stone.
The stone closely misses you. The orc closely misses you.
You hit the orc but do no damage. The orc hits you with a +0 short sword.
You closely miss the orc. You block the kobold's attack.
The orc hits you with a +0 short sword.
You barely miss the orc. The kobold barely misses you.
The orc hits you with a +0 short sword.
You are too injured to fight recklessly!
You are too injured to fight recklessly!
You are too injured to fight recklessly!
You are too injured to fight recklessly!
You are too injured to fight recklessly!
You are too injured to fight recklessly!
You hit the orc but do no damage. The kobold closely misses you.
The orc hits you but does no damage.
You hit the orc but do no damage. The kobold barely misses you.
The orc barely misses you. The kobold closely misses you.
The orc closely misses you.
You hit the orc but do no damage. You headbutt the orc, but do no damage.
The kobold barely misses you. The orc hits you with a +0 short sword.
You hit the orc but do no damage. You headbutt the orc, but do no damage.
The kobold hits you with a +0 club. The orc barely misses you.
You hit the orc.
The orc is almost dead.
The kobold hits you but does no damage. The orc closely misses you.
You barely miss the orc.
The orc is almost dead.
The kobold hits you with a +0 club.
* * * LOW HITPOINT WARNING * * *
The orc hits you with a +0 short sword.
* * * LOW HITPOINT WARNING * * *
The kobold misses you. The orc closely misses you.
You hit the orc but do no damage.
The orc is almost dead.
You block the kobold's attack. The orc hits you with a +0 short sword.
You die...

## ##. #.. #. #...
###..#### #. #..#
.<......# ##. ...#
........# ..###..#
......... ##....#
.)......# ##K@<.#
>.......###>o..##
..o.........####
###r..####...#
...######).##
####$.........#
##.##....!...#..#
#............##..#
..o.....>....#
#...


You could see an orc and a kobold.

Vanquished Creatures
  2 orcs (D:3)
  3 ball pythons
  3 endoplasms (D:1)
  2 giant cockroaches (D:1)
  4 goblins
  4 hobgoblins
  A quokka (D:2)
  A bat (D:2)
  3 frilled lizards
  4 kobolds
  A spectral kobold (D:1)
28 creatures vanquished.

Notes
Turn   | Place    | Note
-------+----------+-------------------------------------------
     0 | D:5      | shoop the Demonspawn Delver began the quest for the Orb.
     0 | D:5      | Reached XP level 1. HP: 18/18 MP: 1/1
     3 | D:5      | Noticed a wyvern
   199 | D:3      | Got Sif Muna's Volume of Black Secrets and Venom
   264 | D:2      | Gained mutation: You have a pair of small horns on your
                  | head. [demonic ancestry]
   264 | D:2      | Reached XP level 2. HP: 8/24 MP: 2/2
   747 | D:1      | Found a faded altar of an unknown god.
  1844 | D:2      | Gained mutation: You sometimes gain a little power by
                  | taking damage. [demonic ancestry]
  1844 | D:2      | Reached XP level 3. HP: 29/29 MP: 3/3
  1894 | D:2      | Found Quschoy's Book Boutique.
  1944 | D:2      | Found a shimmering blue altar of Sif Muna.
  2028 | D:2      | Became a worshipper of Sif Muna the Loreminder
  2097 | D:3      | Slain by an orc

Illustrated notes

Levels and vault maps discovered:
D:1:      lightli_arrival_boilingwater, layout_basic,
          dreamdust_ecumenical_altar_drowned_temple
D:2:      layout_rooms, basic_altar, serial_shops, shop_coins
D:3:      layout_rooms, mainiacjoe_overflow_brackets, serial_shops,
          nicolae_shop_behind_doors, kennysheep_generic_room_14
D:4:      layout_rooms, kennysheep_orc_sif_temple, vehumet_altar_wand_db,
          minmay_temple_entry_sparse_star,
          nicolae_concentric_dashed_squares_wild, uniq_edmund
D:5:      layout_rooms, mainiacjoe_overflow_surrounded_room,
          makhleb_blood_cavern_becter, serial_shops, shop,
          nicolae_shop_sticking_my_neck_out

Skill      XL: |  1  2 |
---------------+-------+-----
Long Blades    | 2 3 |  3.0
Dodging        | 2 |  2.0
Fighting       | |  3.0
Armour         | |  0.6
Stealth        | |  4.5
Shields        | |  0.1

Action                   || total
-------------------------++-------
Melee: Falchion          ||   102
       Headbutt          ||    11
 Stab: Sleeping          ||     4
Armor: Leather armour    ||    28
Dodge: Dodged            ||    59
Block: Buckler           ||     5

Table legend: (Time is in decaauts)
 A = Elapsed time spent in this place.
 B = Non-inter-level travel time spent in this place.
 C = Inter-level travel time spent in this place.
 D = Time resting spent in this place.
 E = Time spent auto-exploring this place.
 F = Levels seen in this place.
 G = Mean time per level.
                   A        B        C        D        E       F      G
               +--------+--------+--------+--------+--------+-----+--------+
         Total |   2128 |   2043 |     85 |    372 |   1316 |   5 |  425.6 |
       Dungeon |   2128 |   2043 |     85 |    372 |   1316 |   5 |  425.6 |
               +--------+--------+--------+--------+--------+-----+--------+

Top non-repeatable levels by time:
     D:1: 1070 daAuts
     D:2: 771 daAuts
     D:3: 271 daAuts
     D:5: 8 daAuts
     D:4: 6 daAuts
